 Dungeon Crawl Stone Soup version 0.16-a0-148-g3b84123 (webtiles) character file.

331 Qrupt the Poker (level 6, 0/44 HPs)
             Began as a Human Wanderer on Aug 16, 2014.
             Succumbed to a scorpion's poison
             ... on Level 4 of the Dungeon.
             The game lasted 00:10:11 (4304 turns).

Qrupt the Poker (Human Wanderer)                    Turns: 4304, Time: 00:10:12

HP   0/44        AC  0     Str 13      XL: 6   Next: 82%
MP   8/8         EV 17     Int 14      God:
Gold 193         SH  0     Dex 12      Spells:  0 memorised,  7 levels left

rFire  . . .     SeeInvis .     s - melded +0 trident
rCold  . . .     Clarity  .     k - melded +1 robe
rNeg   . . .     rCorr    .     (shield currently unavailable)
rPois  .         rRot     .     (helmet currently unavailable)
rElec  .         Spirit   .     (cloak currently unavailable)
SustAb .         Warding  .     o - melded +0 pair of gloves
rMut   .         Stasis   .     (boots currently unavailable)
Gourm  .                        (amulet currently unavailable)
MR     .....                    (ring currently unavailable)
                                (ring currently unavailable)

@: lethally poisoned, porcupine-form (expiring), flying, quick, not resistant to
hostile enchantments, very unstealthy
A: no striking features
a: no special abilities


You were on level 4 of the Dungeon.
You were not hungry.
You were a porcupine.
You visited 1 branch of the dungeon, and saw 4 of its levels.

You collected 193 gold pieces.

Inventory:

Hand weapons
 c - a +0 spear
 s - a +0 trident (melded)
Armour
 b - a +0 ring mail
 k - a +1 robe (melded)
 o - a +0 pair of gloves (melded)
Magical devices
 p - a wand of polymorph (8)
Comestibles
 d - 3 bread rations
 i - 8 fruits
 n - 2 meat rations
 r - a chunk of worker ant flesh
Scrolls
 g - 5 scrolls of magic mapping
 m - 3 scrolls of teleportation
Potions
 h - a potion of brilliance
 j - a potion of restore abilities
 q - a potion of might
Books
 a - a book of Minor Magic

   Spells                             Type                      Level
   Magic Dart                         Conjuration                  1
   Blink                              Translocation                2
   Call Imp                           Summoning                    2
   Repel Missiles                     Charms/Air                   2
   Slow                               Hexes                        2
   Conjure Flame                      Conjuration/Fire             3
   Mephitic Cloud                     Conjuration/Poison/Air       3


   Skills:
 - Level 2.0 Fighting
 + Level 6.3 Polearms
 - Level 3.0 Armour
 - Level 1.0 Stealth
   Level 1.0 Shields
 - Level 1.0 Spellcasting
   Level 2.0 Earth Magic


You had 7 spell levels left.
You didn't know any spells.

Dungeon Overview and Level Annotations

Branches:
Dungeon (4/15)
 Temple: D:4-7

Altars:


Message History

You feel sick.
* * * LOW HITPOINT WARNING * * *
You feel sick.
You see here a short sword.
* * * LOW HITPOINT WARNING * * *
You feel sick.
* * * LOW HITPOINT WARNING * * *
You feel sick.
* * * LOW HITPOINT WARNING * * *
You feel sick.
* * * LOW HITPOINT WARNING * * *
You feel sick.
Drink which item? (? for menu, Esc to quit)
Okay, then.
* * * LOW HITPOINT WARNING * * *
You feel sick.
Your transformation is almost over.
* * * LOW HITPOINT WARNING * * *
You feel sick.
You die...

#.######.............#
..%..................#
.#..................##
##..............#.###
.#.......##.....#.#
.#.......#.....##.#
............##.##.#
..........####..#.#
######....# #..r.#
######## #...## ##....#
#......# ##..# ##.....##
#......# ##..###.......#
#......#
#............#####......#
#....####......)........#
#....# ##....)####......#
#..#.###.....#####......#
#..#.##..#...###.....####


There were no monsters in sight!

Vanquished Creatures
  3 scorpions (D:4)
  A giant frog skeleton (D:4)
  An orc priest (D:4)
  A worker ant (D:4)
  3 adders
  An inept item mimic (D:4)
  3 giant geckos
  2 oozes
  5 orcs
  7 bats
  2 giant cockroaches (D:2)
  4 hobgoblins
  2 quokkas
  2 giant newts
  6 goblins
  2 jackals (D:4)
  7 kobolds
  An orc skeleton (D:4)
  8 rats
61 creatures vanquished.

Notes
Turn   | Place    | Note
--------------------------------------------------------------
     0 | D:1      | Qrupt, the Human Wanderer, began the quest for the Orb.
     0 | D:1      | Reached XP level 1. HP: 16/16 MP: 2/2
   186 | D:1      | Reached skill level 1 in Polearms
   424 | D:1      | Reached XP level 2. HP: 17/22 MP: 3/3
   957 | D:2      | Reached XP level 3. HP: 22/27 MP: 4/4
  2431 | D:4      | Noticed a scorpion
  2432 | D:4      | Reached XP level 4. HP: 33/33 MP: 5/5
  2503 | D:4      | Reached skill level 4 in Polearms
  2711 | D:4      | Noticed a scorpion
  2737 | D:4      | Killed a scorpion
  2737 | D:4      | Reached XP level 5. HP: 9/38 MP: 7/7
  3376 | D:4      | Noticed a scorpion
  3418 | D:4      | Reached skill level 5 in Polearms
  3489 | D:4      | Reached XP level 6. HP: 17/44 MP: 8/8
  3500 | D:4      | HP: 1/44 [orc/flail (5)]
  3843 | D:4      | Killed a scorpion
  4202 | D:4      | Reached skill level 6 in Polearms
  4279 | D:4      | Killed a scorpion
  4297 | D:4      | HP: 2/44 [poisoned by a scorpion]
  4302 | D:4      | HP: 1/44 [poisoned by a scorpion]
  4304 | D:4      | Succumbed to a scorpion's poison

Action                   |  1- 3 |  4- 6 || total
-------------------------+-------+-------++-------
Melee: Spear             |   167 |   104 ||   271
       Trident           |       |    65 ||    65
Evoke: Wand              |       |     2 ||     2
  Use: Scroll            |     6 |     4 ||    10
       Potion            |       |     4 ||     4
 Stab: Sleeping          |     2 |     1 ||     3
       Invisible         |       |     1 ||     1
  Eat: Chunk             |     4 |     7 ||    11
